 Dungeon Crawl Stone Soup version 0.21-a0-613-g5d64845 (webtiles) character file.

38 slep the Chopper (level 3, -2/18 HPs)
             Began as a Vine Stalker Gladiator on Dec 22, 2017.
             Slain by a goblin (4 damage)
             ... led by Robin
             ... on level 2 of the Dungeon.
             The game lasted 00:02:30 (704 turns).

slep the Chopper (Vine Stalker Gladiator)            Turns: 704, Time: 00:02:31

Health: -2/18      AC:  4    Str: 16    XL:     3   Next: 43%
Magic:  0/4        EV: 13    Int:  8    God:
Gold:   68         SH:  0    Dex: 16    Spells: 2/2 levels left

rFire    . . .     SeeInvis .   a - +0 war axe
rCold    . . .     Gourm    .   (no shield)
rNeg     . . .     Faith    .   b - +0 leather armour
rPois    .         Spirit   +   c - +0 helmet
rElec    .         Reflect  .   (no cloak)
rCorr    .         Harm     .   (no gloves)
MR       .....                  (no boots)
Stlth    +.........             (no amulet)
HPRegen  0.06/turn              (no ring)
MPRegen  0.09/turn              (no ring)

@: no status effects
A: fangs 2, magic shield, antimagic bite, no potion heal 3, rot immunity
a: no special abilities


You were on level 2 of the Dungeon.
You were not hungry.

You visited 1 branch of the dungeon, and saw 2 of its levels.

You collected 68 gold pieces.

Inventory:

Hand Weapons
 a - a +0 war axe (weapon)
Missiles
 d - 3 throwing nets (quivered)
Armour
 b - a +0 leather armour (worn)
 c - a +0 helmet (worn)
Scrolls
 e - 5 scrolls of enchant armour {unknown}
 h - a scroll of blinking {unknown}
 i - a scroll of remove curse {unknown}
 j - 2 scrolls of amnesia {unknown}
Potions
 g - 2 potions of agility {unknown}
 k - a potion of curing {unknown}
Comestibles
 f - 4 rations


   Skills:
 + Level 2.1 Fighting
 + Level 3.3 Axes
 + Level 1.8 Throwing
 + Level 0.5 Armour
 + Level 2.6 Dodging


You had 2 spell levels left.
You didn't know any spells.

Dungeon Overview and Level Annotations

Branches:
Dungeon (2/15)

Altars:

Annotations:
D:2 Robin


Innate Abilities, Weirdness & Mutations

You have extremely sharp teeth.
When hurt, damage is shared between your health and your magic reserves.
Your bite disrupts and absorbs the magic of your enemies.
Potions cannot restore your health.
You are immune to rotting.


Message History

Something throws the goblin at you! The goblin closely misses you.
The goblin barely misses you.
You barely miss the goblin. Your bite misses the goblin. You slash the goblin!
You kill the goblin!
Something throws the goblin at you! The goblin misses you.
The goblin hits you but does no damage.
You closely miss the goblin. Your bite misses the goblin. You hit the goblin.
You closely miss the goblin. The goblin closely misses you.
The goblin hits you with a club. The goblin misses you.
The goblin completely misses you. The goblin closely misses you.
You hit the goblin.
The goblin is moderately wounded.
You hit the goblin. You slash the goblin!
You kill the goblin!
The goblin hits you with a club.
* * * LOW HITPOINT WARNING * * *
Something hits you.
* * * LOW HITPOINT WARNING * * *
The goblin hits you.
You die...

#.# #.# #.# #.#
#.# #. #{# #.#
#†# ... ####@#
#.# #..gg# #.#
#.#### #.### #.#
#.#.###.######
#..#.##.#.....
#.###.........#
##..#.##.#.###..
##......#...#####


You could see 2 goblins.

Vanquished Creatures
  An ooze (D:2)
  A dart slug (D:1)
  A giant cockroach (D:1)
  6 goblins
  3 hobgoblins
  5 jackals (D:1)
  4 bats (D:1)
  4 frilled lizards
  2 kobolds
  3 rats (D:1)
30 creatures vanquished.

Notes
Turn   | Place    | Note
-------+----------+-------------------------------------------
     0 | D:1      | slep the Vine Stalker Gladiator began the quest for the Orb.
     0 | D:1      | Reached XP level 1. HP: 11/11 MP: 2/2
   141 | D:1      | Reached skill level 3 in Axes
   143 | D:1      | Reached XP level 2. HP: 8/15 MP: 3/3
   408 | D:1      | Reached XP level 3. HP: 5/18 MP: 4/4
   697 | D:2      | Noticed Robin
   704 | D:2      | Slain by a goblin

Vault maps used:
D:1:      nzn_arrival_settlement
D:2:      nicolae_overflow_hidden_temple, hangedman_decor_growths, uniq_robin

Skill      XL: |  1  2 |
---------------+-------+-----
Axes           | 3 |  3.3
Fighting       | 2 |  2.1
Throwing       | |  1.8
Armour         | |  0.5
Dodging        | |  2.6

Action                   || total
-------------------------++-------
Melee: War axe           ||    66
       Bite              ||    20
Armor: Leather armour    ||    34
Dodge: Dodged            ||    62

Table legend:
 A = Spawn XP
 B = Non-spawn XP
 C = Spawn XP percentage of total XP
 D = Spawn monster count
 E = Non-spawn monster count
 F = Spawn count percentage of total count
 G = Total turns spent on level
                    A         B        C        D         E        F      G
               +---------+---------+-------+---------+---------+-------+---------
         Total |       0 |      55 |   0.0 |       0 |      30 |   0.0 |   704
               +---------+---------+-------+---------+---------+-------+---------
           D:1 |       0 |      36 |   0.0 |       0 |      22 |   0.0 |   642
           D:2 |       0 |      19 |   0.0 |       0 |       8 |   0.0 |    62
               +---------+---------+-------+---------+---------+-------+---------
